 Dungeon Crawl Stone Soup version 0.22-a0-458-gb446440 (webtiles) character file.

715 4thArraOfDagon the Cleaver (level 7, -2/64 HPs)
             Began as a Hill Orc Fighter on June 8, 2018.
             Was an Initiate of the Shining One.
             Slain by an orc wizard
             ... wielding a +0 dagger
              (3 damage)
             ... on level 6 of the Dungeon.
             The game lasted 00:03:54 (700 turns).

4thArraOfDagon the Cleaver (Hill Orc Fighter)        Turns: 700, Time: 00:03:55

Health: -2/64      AC:  7    Str: 19    XL:     7   Next: 69%
Magic:  7/7        EV:  9    Int: 10    God:    the Shining One [......]
Gold:   100        SH:  0    Dex: 10    Spells: 6/6 levels left

rFire    . . .     SeeInvis .   a - +0 war axe (venom)
rCold    . . .     Gourm    .   (no shield)
rNeg     . . .     Faith    .   b - +1 scale mail
rPois    .         Spirit   .   (no helmet)
rElec    .         Reflect  .   (no cloak)
rCorr    .         Harm     .   (no gloves)
MR       .....                  (no boots)
Stlth    +.........             (no amulet)
HPRegen  0.20/turn              g - ring of stealth
MPRegen  0.10/turn              h - ring of wizardry

@: lethally poisoned (-2 -> -3), berserk cooldown, slowed, glowing, very slow
A: no striking features
a: Renounce Religion


You were on level 6 of the Dungeon.
You worshipped the Shining One.
The Shining One was noncommittal.
You were not hungry.

You visited 2 branches of the dungeon, and saw 7 of its levels.

You collected 100 gold pieces.

Inventory:

Hand Weapons
 a - a +0 war axe of venom (weapon)
Armour
 b - a +1 scale mail (worn)
 d - a +0 pair of gloves
Jewellery
 g - a ring of stealth (left hand)
 h - a ring of wizardry (right hand)
Wands
 i - a wand of iceblast (9)
Scrolls
 c - a scroll of identify
 e - a scroll of enchant armour
 k - a scroll of remove curse
Comestibles
 f - 4 rations


   Skills:
 + Level 6.7 Fighting
 * Level 9.2 Axes
 - Level 3.2 Armour
   Level 3.2 Shields


You had 6 spell levels left.
You didn't know any spells.
Your spell library was empty.

Dungeon Overview and Level Annotations

Branches:
Dungeon (6/15)             Temple (1/1) D:5

Altars:
Nemelex Xobeh
The Shining One

Shops:
D:5 =

Annotations:
D:2 Terence


Message History

You feel sick.
* * * LOW HITPOINT WARNING * * *
You feel sick.
The orc wizard shouts!
A hound skeleton comes into view.
You can move again.
You see here a quokka corpse.
Unknown command.
Are you sure you want to abandon this character and quit the game? (Confirm with "yes".)
Okay, then.
Unknown command.
Are you sure you want to abandon this character and quit the game? (Confirm with "yes".)
Okay, then.
Unknown command.
You completely miss the orc wizard.
* * * LOW HITPOINT WARNING * * *
You feel sick.
The orc wizard gestures wildly while chanting.
The orc wizard seems to speed up.
The orc wizard hits you with a dagger.
You die...

### #@######
#####)#oZ...#
#....##)###....
#.#.#.#.# .
#.#.##..###.#
##.#.###[....#
#########............#
#......(.o.#.#######.#
#......o.....# #


You could see an orc wizard and a hound skeleton.

Vanquished Creatures
  A water moccasin (D:6)
  An orc warrior (D:6)
  An ogre (D:5)
  Blork the orc (D:6)
  A gnoll sergeant (D:5)
  2 scorpions (D:5)
  A crimson imp (D:5)
  A bullfrog zombie (D:5)
  A hound (D:5)
  A jelly (D:5)
  A worker ant zombie (D:5)
  3 gnolls (D:5)
  2 adders
  An adder skeleton (D:6)
  A worm (D:3)
  A leopard gecko (D:2)
  3 orcs
  2 bats
  3 giant cockroaches
  4 goblins (D:1)
  A hobgoblin (D:1)
  5 jackals
  A quokka (D:6)
  2 kobolds
  A leopard gecko skeleton (D:4)
  2 rats (D:3)
44 creatures vanquished.

Notes
Turn   | Place    | Note
-------+----------+-------------------------------------------
     0 | D:1      | 4thArraOfDagon the Hill Orc Fighter began the quest for the Orb.
     0 | D:1      | Reached XP level 1. HP: 19/19 MP: 1/1
    19 | D:1      | Reached skill level 3 in Axes
    56 | D:1      | Reached XP level 2. HP: 26/27 MP: 2/2
   134 | D:2      | Reached skill level 4 in Axes
   134 | D:2      | Reached XP level 3. HP: 29/33 MP: 3/3
   190 | D:2      | Noticed Terence
   418 | D:5      | Entered Level 5 of the Dungeon
   418 | D:5      | Found Gionk's Jewellery Emporium.
   424 | D:5      | Reached XP level 4. HP: 28/41 MP: 4/4
   427 | D:5      | Noticed an ogre
   438 | D:5      | Reached skill level 5 in Axes
   439 | D:5      | Killed an ogre
   439 | D:5      | Reached skill level 5 in Fighting
   439 | D:5      | Reached skill level 6 in Axes
   439 | D:5      | Reached XP level 5. HP: 34/48 MP: 5/5
   445 | D:5      | :(
   468 | D:5      | Found a staircase to the Ecumenical Temple.
   469 | D:5      | Reached XP level 6. HP: 45/56 MP: 6/6
   492 | D:5      | Reached skill level 7 in Axes
   498 | Temple   | Entered the Ecumenical Temple
   510 | Temple   | Became a worshipper of the Shining One
   581 | D:5      | Found a sparkling altar of Nemelex Xobeh.
   587 | D:5      | Noticed a phantom
   620 | D:5      | Reached skill level 8 in Axes
   620 | D:5      | Reached XP level 7. HP: 12/63 MP: 7/7
   649 | D:6      | Noticed Blork the orc
   688 | D:6      | Reached skill level 9 in Axes
   690 | D:6      | HP: 3/96 [Blork the orc/puff of flame (7)]
   691 | D:6      | The Shining One protects you from harm!
   692 | D:6      | Killed Blork the orc
   695 | D:6      | HP: 2/64 [poisoned by a water moccasin]
   700 | D:6      | HP: 1/64 [poisoned by a water moccasin]
   700 | D:6      | Slain by an orc wizard

Vault maps used:
D:1:      dpeg_arrival_court, serial_bayou_pond_e, minmay_misc_feat_five,
          nrook_loot_triangle
D:2:      kiku_gazebo_garden_becter, first_ration, nicolae_underground_beach,
          uniq_terence, uniq_robin
D:4:      kennysheep_mini_moat
D:5:      minmay_temple_entry_glassed_door, basic_altar, portal_sewer_entry_b,
          serial_shops, nicolae_shop_trees, grunt_dithmenos_smoke_and_mirrors
D:6:      lemuel_round_altar, uniq_duvessa, uniq_blork_the_orc
Temple:   minmay_temple_curvy_loop

Skill      XL: |  1  2  3  4  5  6  7 |
---------------+----------------------+-----
Axes           | 3 4 6 8 9 |  9.2
Fighting       | 4 5 6 |  6.7
Armour         | |  3.2
Shields        | |  3.2

Action                   |  1- 3 |  4- 6 |  7- 9 || total
-------------------------+-------+-------+-------++-------
Melee: War axe           |    76 |    32 |    14 ||   122
  Use: Potion            |       |     3 |     2 ||     5
       Scroll            |       |     3 |     1 ||     4
Armor: Scale mail        |    96 |    22 |     6 ||   124
Dodge: Dodged            |    87 |    23 |    10 ||   120

Table legend:
 A = Spawn XP
 B = Non-spawn XP
 C = Spawn XP percentage of total XP
 D = Spawn monster count
 E = Non-spawn monster count
 F = Spawn count percentage of total count
 G = Total turns spent on level
                    A         B        C        D         E        F      G
               +---------+---------+-------+---------+---------+-------+---------
         Total |       0 |    1022 |   0.0 |       0 |      44 |   0.0 |   700
               +---------+---------+-------+---------+---------+-------+---------
           D:1 |       0 |      18 |   0.0 |       0 |      10 |   0.0 |   105
           D:2 |       0 |      24 |   0.0 |       0 |       6 |   0.0 |   144
           D:3 |       0 |      28 |   0.0 |       0 |       8 |   0.0 |   155
           D:4 |       0 |       1 |   0.0 |       0 |       1 |   0.0 |    14
           D:5 |       0 |     570 |   0.0 |       0 |      13 |   0.0 |   202
           D:6 |       0 |     381 |   0.0 |       0 |       6 |   0.0 |    56
               +---------+---------+-------+---------+---------+-------+---------
